 Dungeon Crawl Stone Soup version 0.26-b1-32-g5d43845318 (webtiles) character file.

Game seed: 14920140724910273283

683460 grindst0ne the Executioner (level 27, -12/299 HPs)
             Began as an Ogre Hunter on Jan 10, 2021.
             Was an Elder of Cheibriados.
             Mangled by an Orb Guardian (24 damage)
             ... on level 5 of the Realm of Zot on Jan 11, 2021.
             The game lasted 03:14:03 (70326 turns).

grindst0ne the Executioner (Ogre Hunter)           Turns: 70326, Time: 03:14:04

Health: -12/299    AC: 39    Str: 29    XL:     27
Magic:  42/55      EV: 12    Int: 41    God:    Cheibriados [****..]
Gold:   5038       SH: 24    Dex: 18    Spells: 4/44 levels left

rFire    + + .     SeeInvis .   u - +9 broad axe (freeze)
rCold    + + +     Faith    .   g - +2 tower shield {AC+3}
rNeg     + + .     Spirit   .   m - +10 gold dragon scales
rPois    +         Reflect  .   a - +3 hat of Pondering {ponderous, Will+ MP+10 Int+5}
rElec    +         Harm     .   M - +2 cloak {Will+}
rCorr    +         Rampage  .   (gloves unavailable)
Will     ++++.                  (boots unavailable)
Stlth    ..........             z - amulet "Penal" {rElec rN++ Regen+ Int+3 Dex-3}
HPRegen  0.99/turn              O - ring "Hirph" {Wiz rC++ MP+9 Str-5 Stlth+}
MPRegen  0.34/turn              T - ring of Verhobbi {rF+ rCorr Int+4}

@: marked, very slow
A: large, unfitting armour, icy blue scales 1, deformed body, screaming 2, tough
skin 1
}: 3/15 runes: serpentine, barnacled, silver
a: Renounce Religion, Bend Time, Temporal Distortion, Slouch


You were on level 5 of the Realm of Zot.
You worshipped Cheibriados.
Cheibriados was greatly pleased with you.
You visited 11 branches of the dungeon, and saw 53 of its levels.
You visited 1 bazaar.
You also visited: Ossuary, Bailey, Gauntlet, Ice Cave, Volcano and Wizlab.

You collected 12116 gold pieces.
You spent 7078 gold pieces at shops.

Inventory:

Hand Weapons
 u - a +9 broad axe of freezing (weapon)
 Z - a +9 broad axe of flaming
Missiles
 d - 12 throwing nets (quivered)
Armour
 a - the +3 hat of Pondering (worn) {ponderous, Will+ MP+10 Int+5}
   (You took it off Gastronok on level 1 of the Lair of Beasts)

   It affects your intelligence (+5).
   It affects your willpower, your defense against some magical effects.
   It affects your magic capacity (+10).
 g - a +2 tower shield of protection (worn)
 m - +10 gold dragon scales (worn)
 M - a +2 cloak of willpower (worn)
Jewellery
 c - the ring "Hyiniruo" {+Blink +Fly rC++ rN+ Int-2}
   (You took it off a deep elf blademaster on level 3 of the Elven Halls)

   [ring of positive energy]

   It affects your intelligence (-2).
   It greatly protects you from cold.
   It protects you from negative energy.
   It lets you fly.
   It lets you blink.
 e - the amulet of the Air {Inacc +Fly rElec EV+5 RMsl}
   (You found it on level 2 of the Depths)

   [amulet of inaccuracy]

   It reduces the accuracy of all your attacks.
   It affects your evasion (+5).
   It insulates you from electricity.
   It lets you fly.
   It protects you from missiles.
 j - the amulet "Nuacil" {rC++ Regen+}
   (You bought it in a shop on level 2 of the Snake Pit)

   [amulet of regeneration]

   It greatly protects you from cold.
   It increases your rate of regeneration.
 v - the ring of the Mage {Wiz Will++ Int+3}
   (You bought it in a shop on level 3 of the Snake Pit)

   [ring of wizardry]

   It improves your spell success rate.
   It affects your intelligence (+3).
   It affects your willpower, your defense against some magical effects.
 x - the ring of Ininaloc {Fire rPois rN+}
   (You took it off an orc on level 5 of the Dungeon)

   [ring of fire]

   It enhances your fire magic.
   It protects you from fire.
   It makes you vulnerable to cold.
   It protects you from poison.
   It protects you from negative energy.
 y - the ring "Ukeaj Xubro" {rC++ Dex-4 Stlth+}
   (You found it on level 5 of the Depths)

   [ring of dexterity]

   It affects your dexterity (-4).
   It greatly protects you from cold.
   It makes you more stealthy.
 z - the amulet "Penal" (around neck) {rElec rN++ Regen+ Int+3 Dex-3}
   (You bought it in a shop on level 2 of the Snake Pit)

   [amulet of regeneration]

   It affects your intelligence (+3).
   It affects your dexterity (-3).
   It insulates you from electricity.
   It greatly protects you from negative energy.
   It increases your rate of regeneration.
 E - the ring of Lilacs {rC+ rN+ Dex+4}
   (You found it on level 3 of the Crypt)

   [ring of positive energy]

   It affects your dexterity (+4).
   It protects you from cold.
   It protects you from negative energy.
 O - the ring "Hirph" (left hand) {Wiz rC++ MP+9 Str-5 Stlth+}
   (You found it on level 1 of the Lair of Beasts)

   [ring of wizardry]

   It improves your spell success rate.
   It affects your strength (-5).
   It greatly protects you from cold.
   It affects your magic capacity (+9).
   It makes you more stealthy.
 S - an uncursed ring of see invisible
 T - the ring of Verhobbi (right hand) {rF+ rCorr Int+4}
   (You acquired it in a bazaar)

   [ring of resist corrosion]

   It affects your intelligence (+4).
   It protects you from fire.
   It provides partial protection from all sources of acid and corrosion.
Wands
 G - a wand of digging (27)
 J - a wand of acid (24)
 Q - a wand of paralysis (39)
Scrolls
 h - 28 scrolls of remove curse
 i - 23 scrolls of teleportation
 n - 9 scrolls of magic mapping
 o - 2 scrolls of brand weapon
 t - 10 scrolls of immolation
 w - 11 scrolls of amnesia
 A - 6 scrolls of enchant weapon
 B - 6 scrolls of fear
 C - 15 scrolls of blinking
 N - 21 scrolls of identify
 R - 2 scrolls of enchant armour
 X - 7 scrolls of fog
 Y - 7 scrolls of holy word
Potions
 f - 5 potions of curing
 k - 11 potions of brilliance
 l - 5 potions of might
 p - 13 potions of flight
 q - 2 potions of invisibility
 r - 10 potions of lignification
 F - 9 potions of mutation
 H - 4 potions of cancellation
 I - 3 potions of magic
 L - 9 potions of ambrosia
 U - 7 potions of resistance
Miscellaneous
 s - a phantom mirror
 D - a box of beasts
 K - a condenser vane
 P - a lightning rod (4/4)
 V - a tin of tremorstones (2/2)


   Skills:
 + Level 21.7 Fighting
 - Level 22.7 Axes
 - Level 5.4 Throwing
 - Level 20.0 Armour
 - Level 12.2 Dodging
 - Level 0.6 Stealth
 - Level 15.0 Shields
 - Level 9.2 Spellcasting
 * Level 13.7 Necromancy
 - Level 20.0 Translocations
 - Level 15.5 Invocations


You had 4 spell levels left.
You knew the following spells:

 Your Spells              Type           Power        Failure   Level
a - Passage of Golubria   Tloc           N/A          1%          4
b - Blink                 Tloc           N/A          0%          2
c - Lesser Beckoning      Tloc           55%          0%          3
d - Summon Forest         Summ/Tloc      39%          3%          5
e - Sublimation of Blood  Necr           46%          1%          2
f - Apportation           Tloc           100%         0%          1
g - Malign Gateway        Summ/Tloc      39%          69%         7
h - Necromutation         Tmut/Necr      33%          100%        8
i - Infestation           Necr           46%          85%         8

Your spell library contained the following spells:

 Spells                   Type           Power        Failure   Level
 Gell's Gravitas          Tloc           55%          0%          3
 Teleport Other           Tloc           100%         0%          3
 Animate Skeleton         Necr           100%         1%          1
 Pain                     Necr           100%         1%          1
 Corpse Rot               Necr/Air       N/A          1%          2
 Portal Projectile        Hex/Tloc       100%         1%          3
 Vampiric Draining        Necr           46%          1%          3
 Animate Dead             Necr           46%          1%          4
 Dispel Undead            Necr           92%          1%          4
 Iskenderun's Mystic Bla  Conj/Tloc      79%          1%          4
 Beastly Appendage        Tmut           38%          8%          1
 Corona                   Hex            21%          8%          1
 Freeze                   Ice            76%          8%          1
 Shock                    Conj/Air       76%          8%          1
 Sting                    Tmut/Pois      76%          8%          1
 Summon Small Mammal      Summ           76%          8%          1
 Call Imp                 Summ           19%          12%         2
 Ensorcelled Hibernation  Hex/Ice        38%          12%         2
 Passwall                 Tmut/Erth      15%          12%         2
 Poisonous Vapours        Pois/Air       38%          12%         2
 Searing Ray              Conj           38%          12%         2
 Slow                     Hex            19%          12%         2
 Swiftness                Air            19%          12%         2
 Wereblood                Tmut           19%          12%         2
 Call Canine Familiar     Summ           19%          22%         3
 Confusing Touch          Hex            19%          22%         3
 Conjure Flame            Conj/Fire      19%          22%         3
 Dazzling Flash           Conj/Hex       38%          22%         3
 Frozen Ramparts          Ice            38%          22%         3
 Ignite Poison            Fire/Tmut/Pois 19%          22%         3
 Inner Flame              Hex/Fire       19%          22%         3
 Mephitic Cloud           Conj/Pois/Air  19%          22%         3
 Ozocubu's Armour         Ice            19%          22%         3
 Spider Form              Tmut/Pois      9%           22%         3
 Static Discharge         Conj/Air       19%          22%         3
 Stone Arrow              Conj/Erth      38%          22%         3
 Summon Guardian Golem    Hex/Summ       19%          22%         3
 Tukima's Dance           Hex            19%          22%         3
 Airstrike                Air            9%           56%         4
 Cause Fear               Hex            9%           56%         4
 Fulminant Prism          Conj/Hex       9%           56%         4
 Hailstorm                Conj/Ice       19%          56%         4
 Ice Form                 Ice/Tmut       19%          56%         4
 Leda's Liquefaction      Hex/Erth       9%           56%         4
 Olgreb's Toxic Radiance  Pois           19%          56%         4
 Petrify                  Tmut/Erth      19%          56%         4
 Summon Ice Beast         Ice/Summ       19%          56%         4
 Summon Lightning Spire   Summ/Air       19%          56%         4
 Agony                    Necr           92%          1%          5
 Excruciating Wounds      Necr           46%          1%          5
 Dispersal                Tloc           55%          1%          6
 Borgnjor's Vile Clutch   Necr/Erth      33%          12%         5
 Disjunction              Tloc           55%          14%         8
 Simulacrum               Ice/Necr       33%          52%         6
 Borgnjor's Revivificati  Necr           46%          85%         8
 Alistair's Intoxication  Tmut/Pois      12%          88%         5
 Blade Hands              Tmut           9%           88%         5
 Bolt of Magma            Conj/Fire/Erth 9%           88%         5
 Fireball                 Conj/Fire      9%           88%         5
 Irradiate                Conj/Tmut      9%           88%         5
 Iskenderun's Battlesphe  Conj           19%          88%         5
 Lee's Rapid Deconstruct  Erth           9%           88%         5
 Lightning Bolt           Conj/Air       9%           88%         5
 Metabolic Englaciation   Hex/Ice        9%           88%         5
 Silence                  Hex/Air        9%           88%         5
 Summon Mana Viper        Hex/Summ       19%          88%         5
 Yara's Violent Unravell  Hex/Tmut       9%           88%         5
 Haunt                    Necr/Summ      33%          97%         7
 Conjure Ball Lightning   Conj/Air       9%           100%        6
 Eringya's Noxious Bog    Tmut/Pois      9%           100%        6
 Freezing Cloud           Conj/Ice/Air   9%           100%        6
 Hydra Form               Tmut           9%           100%        6
 Invisibility             Hex            19%          100%        6
 Iron Shot                Conj/Erth      9%           100%        6
 Ozocubu's Refrigeration  Ice            9%           100%        6
 Starburst                Conj/Fire      9%           100%        6
 Statue Form              Tmut/Erth      12%          100%        6
 Dragon Form              Tmut           9%           100%        7
 Orb of Destruction       Conj           9%           100%        7
 Spellforged Servitor     Conj/Summ      9%           100%        7
 Summon Hydra             Summ           9%           100%        7
 Chain Lightning          Conj/Air       9%           100%        8
 Discord                  Hex            9%           100%        8
 Ignition                 Fire           9%           100%        8
 Lehudib's Crystal Spear  Conj/Erth      9%           100%        8
 Absolute Zero            Ice            9%           100%        9
 Death's Door             Necr           46%          100%        9
 Dragon's Call            Summ           9%           100%        9
 Fire Storm               Conj/Fire      9%           100%        9
 Tornado                  Air            9%           100%        9


Dungeon Overview and Level Annotations

Branches:
Dungeon (15/15)            Temple (1/1) D:5            Lair (6/6) D:11
 Shoals (4/4) Lair:4        Snake (4/4) Lair:3        Slime (0/5) Lair:5
    Orc (2/2) D:9             Elf (3/3) Orc:2        Vaults (5/5) D:13
  Crypt (3/3) Vaults:3       Tomb (0/3) Crypt:3      Depths (5/5) D:15
    Zot (5/5) Depths:5    Ossuary (visited)          Bailey (visited)
  IceCv (visited)         Volcano (visited)          WizLab (visited)
Gauntlet (visited)

Altars:
Ashenzari
Cheibriados
Dithmenos
Elyvilon
Fedhas
Gozag
Hepliaklqana
Kikubaaqudgha
Makhleb
Nemelex Xobeh
Okawaru
Qazlal
Ru
Sif Muna
Trog
Uskayaw
Vehumet
Wu Jian
Xom
Yredelemnul
Zin
The Shining One
Jiyva

Shops:
D:4 ?*=   D:13 *}   Orc:1 *   Orc:2 [!(}*   Shoals:4 *:   Snake:2 *[=(=
Snake:3 **}[   Snake:4 *   Vaults:3 !   Vaults:4 (   Depths:2 ?

Portals:
Hell: Depths:1 Depths:2 Depths:3 Depths:4 Depths:5
Abyss: Depths:1 Depths:4 Depths:5
Pandemonium: Depths:2 Depths:3
Ziggurat: Depths:3

Annotations:
Elf:2 Mayja's ghost, veteran DDBe


Innate Abilities, Weirdness & Mutations

You are too large for most types of armour.
You have tough skin. (AC +1)
You are partially covered in icy blue scales. (AC +2)
Armour fits poorly on your strangely shaped body.
You sometimes yell uncontrollably at your foes.


Message History

Okay, then.
Casting: Blink (safe; 0% risk of failure)
Confirm with . or Enter, or press ? or * to list all spells.
You blink.
You block the Orb Guardian's attack.
Casting: Blink (safe; 0% risk of failure)
Confirm with . or Enter, or press ? or * to list all spells.
You blink.
The Orb Guardian hits you but does no damage.
You block the Orb Guardian's attack. The Orb Guardian hits you!
* * * LOW HITPOINT WARNING * * *
The Orb Guardian hits you but does no damage.
You block the Orb Guardian's attack. The Orb Guardian hits you!!
* * * LOW HITPOINT WARNING * * *
You step out of the flow of time.
You hear a deafening roar! x2
You return to the normal time flow.
You can no longer step out of the flow of time.
Cheibriados lowers the support of your attributes as your movement quickens.
The Orb Guardian hits you!!
You die...

..▓▓▓ .....▓# ..^....## .
........# ▓▓▓▓▓▓▓▓▓ ...
........▓▓▓.X..!.^▓▓ ....
^.......▓▓^.X.X...X▓▓.....
........▓.X......^..▓.....
..........X...0..X..§.....
........▓@......^...▓
........▓▓...^^....▓▓
........▓▓▓....^..▓▓
........▓ ▓▓▓▓▓▓▓▓▓
..$....▓▓ .^...▓▓ .▓▓▓


You could see 5 Orb Guardians.

Vanquished Creatures
  Khufu (Crypt:1)
  3 orbs of fire (Zot:5)
  Mennas (Depths:4)
  2 ancient liches
  3 royal mummies
  Sojobo (Depths:2)
  Boris (Vaults:3)
  Vashnia (Snake:4)
  Saint Roka (Depths:5)
  3 curse toes
  2 caustic shrikes
  Nikola (Shoals:2)
  8 golden dragons
  A profane servitor (Crypt:2)
  the Enchantress (Depths:5)
  2 bone dragons (Depths:5)
  2 electric golems
  14 tentacled monstrosities
  Rupert (D:13)
  4 liches
  11 Orb Guardians (Zot:5)
  2 deep elf blademasters
  A deep elf master archer (Elf:3)
  4 titans
  The ghost of p0werm0de the Champion of Chaos, an adept DDFi of Makhleb (Shoals:4)
  4 quicksilver dragons
  Polyphemus (Shoals:2)
  3 ancient champions
  Agnes (Snake:4)
  8 death cobs
  7 sphinxes
  Gastronok (Lair:1)
  7 shadow dragons
  Roxanne (Snake:1)
  Kirke (Shoals:1)
  Donald (Snake:1)
  19 storm dragons
  4 draconian monks
  9 tengu reavers
  Ilsuiw (Shoals:2)
  8 nagarajas
  A revenant (Crypt:2)
  7 draconian knights
  The ghost of p0werm0de the Warrior, a journeyman MiFi of Makhleb (Snake:2)
  11 fire giants
  11 vault wardens
  4 frost giants
  Aizul (Elf:1)
  2 ghost moths
  4 iron dragons
  2 curse skulls (Crypt:3)
  8 draconian scorchers
  8 deep elf sorcerers
  Louise (Elf:1)
  3 reapers
  4 draconian stormcallers
  7 deep elf elementalists
  15 ironheart preservers
  3 draconian shifters
  4 draconian annihilators
  2 ghouls (Crypt:2)
  18 very ugly things
  3 spriggan defenders (Depths:5)
  A war gargoyle (Vaults:4)
  21 stone giants
  9 green draconians
  3 black draconians
  2 entropy weavers
  7 vampire knights
  11 deep elf demonologists
  6 red draconians
  9 spark wasps
  24 purple draconians
  8 deep elf annihilators
  2 lorocyprocas
  Nessos (D:13)
  A minotaur (Gauntlet)
  11 white draconians
  9 yellow draconians
  Azrael (Snake:1)
  A dire elephant (Gauntlet)
  10 deep elf death magi
  12 eidola
  2 pearl dragon zombies (Crypt:2)
  9 statues (WizLab)
  10 merfolk javelineers
  20 yaktaur captains
  8 fire dragons
  16 ettins
  Snorg (D:13)
  4 great orbs of eyes
  12 jiangshi
  8 deep elf high priests
  Josephine (Lair:5)
  A great orb of eyes (shapeshifter) (Depths:2)
  6 merfolk impalers
  6 ice dragons
  Harold (D:7)
  2 quicksilver dragon skeletons (Crypt:3)
  15 boulder beetles
  8 rakshasas
  10 hydras
  3 spriggan air magi
  A hell beast (Depths:1)
  The ghost of rnawigator the Transmogrifier, a journeyman MfTm of Wu Jian (D:14)
  6 centaur warriors
  A fenstrider witch zombie (Crypt:2)
  An anaconda (shapeshifter) (Depths:2)
  32 vault guards
  15 naga warriors
  3 catoblepae
  4 death knights
  8 anacondas
  3 merfolk avatars
  16 dancing weapons
  3 alligator snapping turtles
  62 two-headed ogres
  6 deep troll shamans
  16 ogre magi
  3 tengu warriors
  A fenstrider witch skeleton (Crypt:1)
  6 merfolk aquamancers
  2 satyrs (Shoals:4)
  3 hell hogs (Crypt:2)
  6 vampire magi
  2 titan zombies
  11 deep troll earth magi
  7 death yaks
  An orc high priest (Orc:2)
  26 deep elf knights
  10 shock serpents
  4 spriggan berserkers
  10 soul eaters
  13 naga sharpshooters
  10 small abominations
  Sonja (D:13)
  A sun demon (Depths:2)
  2 storm dragon zombies (Crypt:3)
  7 iron trolls
  6 hell knights (Depths:4)
  22 skeletal warriors
  A titan skeleton (Crypt:3)
  2 salamander mystics
  2 shadow wraiths
  6 naga ritualists
  5 wizards
  2 storm dragon skeletons (Vaults:3)
  6 unseen horrors
  6 flayed ghosts
  35 deep trolls
  14 sea snakes
  2 bog bodies (Crypt:2)
  A swamp dragon (Lair:6)
  An obsidian statue (Shoals:4)
  6 glowing orange brains
  An orange crystal statue (Depths:2)
  12 deep elf archers
  A lindwurm (shapeshifter) (Vaults:3)
  3 anaconda zombies
  14 orc knights
  16 necromancers
  11 large abominations
  16 phantasmal warriors
  11 ironbrand convokers
  54 ugly things
  29 harpies
  5 wolf spider zombies
  2 frost giant zombies (Crypt:3)
  71 deep elf magi
  An oklob plant (Lair:1)
  A tengu skeleton (Vaults:3)
  8 manticores
  2 shadow dragon skeletons
  7 cyclopes
  8 wolf spiders
  8 mana vipers
  2 iron dragon zombies (Crypt:3)
  A moth of wrath (shapeshifter) (Depths:2)
  19 moths of wrath
  4 orc sorcerers
  A cyclops (shapeshifter) (Vaults:5)
  A faun (shapeshifter) (Vaults:2)
  15 elephants
  A fire giant skeleton (Vaults:3)
  20 fauns
  13 salamanders
  14 merfolk sirens
  3 rust devils
  2 ice statues (IceCv)
  2 elephants (shapeshifter)
  2 frost giant skeletons
  Maurice (D:12)
  13 vault sentinels
  27 black mambas
  6 water nymphs
  4 apis skeletons (Crypt:2)
  6 centaur zombies
  A black mamba (shapeshifter) (Depths:2)
  4 gargoyles
  4 guardian serpents
  14 cane toads
  2 stone giant skeletons
  5 centaur skeletons
  A guardian serpent (shapeshifter) (Depths:2)
  Psyche (D:8)
  A smoke demon (Depths:2)
  17 naga magi
  An orange demon (Depths:2)
  2 dire elephant skeletons
  6 rime drakes
  A cane toad (shapeshifter) (Vaults:2)
  An efreet (D:15)
  13 freezing wraiths
  12 komodo dragons
  2 rime drakes (shapeshifter)
  A redback zombie (D:7)
  43 yaktaurs
  A death yak skeleton (Crypt:2)
  5 kobold demonologists (D:14)
  An entropy weaver simulacrum (Vaults:3)
  A guardian mummy (Crypt:3)
  3 red devils
  7 human skeletons (Vaults:3)
  An alligator snapping turtle skeleton (Crypt:1)
  2 meliai (D:14)
  A harpy zombie (Crypt:3)
  2 jumping spiders (shapeshifter)
  16 hellwings
  14 ice devils
  A meliai (shapeshifter) (D:15)
  3 tengu conjurers
  2 queen bees
  41 merfolk
  3 jumping spiders (Crypt:3)
  A polar bear (Lair:6)
  10 trolls
  A slime creature (shapeshifter) (Depths:2)
  3 yaktaur skeletons (Vaults:3)
  2 wind drakes (shapeshifter) (Depths:2)
  2 hornets (shapeshifter) (Depths:2)
  Prince Ribbit (D:5)
  6 blink frogs
  3 wind drakes
  A blink frog (shapeshifter) (Depths:2)
  11 hornets
  14 dream sheep
  A fire dragon zombie (Crypt:3)
  2 harpy skeletons (Crypt:3)
  A meliai zombie (Crypt:2)
  2 raiju (shapeshifter)
  18 slime creatures
  10 snapping turtles
  A snapping turtle (shapeshifter) (Depths:2)
  A ynoxinul (Gauntlet)
  10 flying skulls (Crypt:2)
  A shadow (D:15)
  11 redbacks
  An air elemental (Elf:1)
  2 ettin skeletons
  2 spriggans (shapeshifter)
  4 spriggans
  A tarantella (Vaults:1)
  18 wyverns
  A vampire (D:12)
  A black mamba zombie (Crypt:3)
  A satyr skeleton (Crypt:2)
  37 yaks
  21 water elementals
  A fire bat (shapeshifter) (Depths:2)
  19 wraiths
  A golden eye (shapeshifter) (Vaults:1)
  A yak (shapeshifter) (Depths:1)
  A black mamba skeleton (Crypt:2)
  4 fire elementals
  2 steam dragons
  7 hogs (Shoals:1)
  10 vampire mosquitoes
  8 basilisks
  A warg (shapeshifter) (Vaults:5)
  51 nagas
  3 swamp worms (Lair:1)
  A soldier ant (D:11)
  Edmund (D:5)
  7 wargs
  An acid dragon (shapeshifter) (Vaults:2)
  A soldier ant (shapeshifter) (Vaults:3)
  18 water moccasins
  2 water moccasins (shapeshifter)
  6 acid dragons
  A floating eye (shapeshifter) (D:14)
  A floating eye (Depths:2)
  7 hell hounds
  3 swamp drakes (Lair:6)
  7 ice beasts
  2 manticore zombies (Crypt:3)
  48 orc warriors
  A swamp dragon zombie (Crypt:3)
  4 black bears
  23 wolves
  A sky beast (shapeshifter) (Depths:2)
  49 ogres
  3 eyes of draining
  3 phantoms
  6 boggarts
  2 necrophages
  A snapping turtle zombie (Crypt:3)
  15 centaurs
  A snapping turtle skeleton (Crypt:3)
  4 big kobolds
  Blork the orc (D:5)
  4 elf zombies
  21 bullfrogs
  2 earth elementals
  2 wyvern zombies
  An elf skeleton (Crypt:2)
  5 wyvern skeletons (Crypt:3)
  A troll zombie (Crypt:2)
  5 scorpions
  39 killer bees
  2 crimson imps (Depths:3)
  5 bullfrog zombies
  2 human simulacra
  A quasit (D:7)
  16 orc priests
  A human zombie (Ossuary)
  A jelly (D:10)
  5 hounds
  4 iron imps
  23 orc wizards
  A bullfrog skeleton (D:6)
  6 iguanas
  A hell rat (D:11)
  7 worker ants
  A killer bee zombie (D:7)
  A demigod zombie (Crypt:1)
  A centaur simulacrum (D:10)
  2 big kobold zombies (Ossuary)
  2 hound skeletons
  5 mummies
  2 worker ant zombies
  4 gnolls (D:7)
  9 adders
  A river rat (D:11)
  5 shadow imps
  16 white imps
  10 ufetubi
  An ooze (D:1)
  6 worms
  4 adder skeletons
  4 adder zombies
  A lava snake skeleton (Crypt:1)
  5 dart slugs
  5 leopard geckos
  129 orcs
  4 bats
  16 giant cockroaches
  7 goblins
  6 hobgoblins
  8 jackals
  17 kobolds
  12 quokkas
  6 frilled lizards
  A goblin zombie (Ossuary)
  13 hobgoblin zombies (Ossuary)
  3 jackal zombies (Ossuary)
  8 kobold zombies (Ossuary)
  5 orc zombies (Ossuary)
  A quokka skeleton (D:6)
  7 rats
  A rat zombie (Ossuary)
  A bush (Lair:2)
  3 crawling corpses (Vaults:4)
2674 creatures vanquished.

Vanquished Creatures (collateral kills)
  3 Orb Guardians (Zot:5)
  A draconian stormcaller (Zot:3)
  A draconian annihilator (Zot:3)
  A white draconian (Zot:3)
  A moth of wrath (Zot:3)
7 creatures vanquished.

Vanquished Creatures (others)
  A draconian monk (Zot:3)
  A draconian knight (Zot:2)
  An iron dragon (Vaults:4)
  2 draconian scorchers
  A reaper (IceCv)
  A green draconian (Zot:3)
  A red draconian (Zot:3)
  A small abomination (Vaults:5)
  A deep elf high priest (Vaults:5)
  An unseen horror (D:14)
  A deep elf mage (Elf:1)
  A cyclops (Shoals:4)
  A moth of wrath (Zot:3)
  A wind drake (shapeshifter) (Elf:1)
  A water elemental (Elf:1)
  A fire elemental (Snake:1)
  2 nagas (Snake:1)
  A hell hound (Snake:1)
  An orc warrior (Vaults:4)
  3 ogres
  3 ufetubi (IceCv)
  A bush (Lair:1)
  71 fungi
  229 plants
  15 withered plants
343 creatures vanquished.

Grand Total: 3024 creatures vanquished

Notes
Turn   | Place    | Note
-------+----------+-------------------------------------------
     0 | D:1      | grindst0ne the Ogre Hunter began the quest for the Orb.
     0 | D:1      | Reached XP level 1. HP: 22/22 MP: 1/1
   328 | D:1      | Reached XP level 2. HP: 22/31 MP: 2/2
   917 | D:1      | Reached XP level 3. HP: 39/39 MP: 3/3
  1633 | D:2      | Reached XP level 4. HP: 22/48 MP: 4/4
  3213 | D:3      | Reached XP level 5. HP: 55/55 MP: 5/5
  3404 | D:4      | You fall into a shaft and drop 1 floor!
  3404 | D:5      | Entered Level 5 of the Dungeon
  3404 | D:5      | Found a staircase to the Ecumenical Temple.
  3409 | Temple   | Entered the Ecumenical Temple
  3442 | Temple   | Became a worshipper of Cheibriados the Contemplative
  3606 | D:5      | Noticed Blork the orc
  3622 | D:5      | Killed Blork the orc
  3623 | D:5      | Reached skill level 5 in Fighting
  3623 | D:5      | Reached XP level 6. HP: 39/66 MP: 6/6
  3851 | D:5      | Noticed Edmund
  3858 | D:5      | Killed Edmund
  3859 | D:5      | Reached skill level 5 in Throwing
  3859 | D:5      | Reached skill level 1 in Invocations
  3908 | D:5      | Noticed Prince Ribbit
  3915 | D:5      | Killed Prince Ribbit
  3916 | D:5      | Reached skill level 1 in Axes
  3916 | D:5      | Reached XP level 7. HP: 45/75 MP: 6/8
  3917 | D:5      | Identified the ring of Ininaloc {Fire rPois rN+}
  4414 | D:4      | Found Suefiodome's Magic Scroll Shop.
  4423 | D:4      | Bought a scroll of blinking for 75 gold pieces
  4423 | D:4      | Bought a scroll of teleportation for 30 gold pieces
  4423 | D:4      | Bought a scroll of identify for 20 gold pieces
  4423 | D:4      | Bought a scroll of identify for 20 gold pieces
  4464 | D:4      | Reached skill level 2 in Axes
  4464 | D:4      | Reached skill level 1 in Shields
  4723 | D:4      | Found Habutugu's General Store.
  4746 | D:4      | Found Fiheadie's Jewellery Boutique.
  4797 | D:4      | Reached * piety under Cheibriados
  4839 | D:4      | Reached XP level 8. HP: 64/84 MP: 10/10
  5336 | D:6      | Found a sand-covered staircase.
  5345 | D:6      | Reached skill level 3 in Axes
  5355 | Ossuary  | Entered an ossuary
  5584 | Ossuary  | Reached ** piety under Cheibriados
  6053 | D:6      | Reached skill level 4 in Axes
  6053 | D:6      | Reached XP level 9. HP: 31/94 MP: 12/12
  6713 | D:7      | Noticed a hellwing
  6978 | D:6      | Reached *** piety under Cheibriados
  7455 | D:7      | Reached skill level 5 in Shields
  7455 | D:7      | Reached skill level 5 in Invocations
  7555 | D:7      | Reached XP level 10. HP: 31/107 MP: 10/14
  8034 | D:7      | Reached skill level 10 in Fighting
  8204 | D:7      | Noticed Harold
  8222 | D:7      | Killed Harold
  8250 | D:7      | Reached **** piety under Cheibriados
  8431 | D:7      | Reached XP level 11. HP: 76/119 MP: 15/17
  9154 | D:8      | Noticed Psyche
  9165 | D:8      | Killed Psyche
  9647 | D:8      | Found a glowing golden altar of the Shining One.
 10173 | D:9      | Found a stormy altar of Qazlal.
 10242 | D:9      | Found a burning altar of Makhleb.
 10428 | D:9      | Noticed a two-headed ogre
 10434 | D:9      | Killed a two-headed ogre
 10689 | D:9      | Noticed a two-headed ogre
 10699 | D:9      | Killed a two-headed ogre
 11057 | D:9      | Found a staircase to the Orcish Mines.
 11112 | D:9      | Noticed a deep elf mage
 11116 | D:9      | Killed a deep elf mage
 11117 | D:9      | Reached skill level 5 in Dodging
 11471 | D:10     | Entered Level 10 of the Dungeon
 11517 | D:10     | Reached ***** piety under Cheibriados
 12561 | D:11     | Noticed a green ugly thing
 12570 | D:11     | Killed a green ugly thing
 12620 | D:11     | Reached XP level 12. HP: 111/133 MP: 19/19
 12646 | D:11     | Noticed a death yak
 12646 | D:11     | Noticed a death yak
 12650 | D:11     | Noticed a death yak
 12656 | D:11     | Killed a death yak
 12657 | D:11     | Reached skill level 10 in Invocations
 12657 | D:11     | Killed a death yak
 12660 | D:11     | Killed a death yak
 12741 | D:11     | Noticed a boulder beetle
 12754 | D:11     | Killed a boulder beetle
 12765 | D:11     | Found a staircase to the Lair.
 12948 | D:11     | Found a shadowy altar of Dithmenos.
 13284 | Lair:1   | Entered Level 1 of the Lair of Beasts
 13504 | Lair:1   | Noticed Gastronok
 13516 | Lair:1   | Killed Gastronok
 13619 | Lair:1   | Got a scintillating granite ring
 13621 | Lair:1   | Identified the ring "Hirph" {Wiz rC++ MP+9 Str-5 Stlth+}
                  | (You found it on level 1 of the Lair of Beasts)
 13986 | Lair:1   | Noticed a five-headed hydra
 13990 | Lair:1   | Killed a five-headed hydra
 13991 | Lair:1   | Reached XP level 13. HP: 116/148 MP: 21/21
 14596 | Lair:2   | Found an ornate altar of the Wu Jian Council.
 14596 | Lair:2   | Found a hide-covered altar of Uskayaw.
 14631 | Lair:2   | Reached skill level 15 in Fighting
 14736 | Lair:2   | Found a frozen archway.
 14748 | IceCv    | Entered an ice cave
 14962 | IceCv    | Killed a reaper
 15181 | IceCv    | Got a transparent demon trident
 15199 | IceCv    | Identified the +1 demon trident "Metom" {vorpal, rF+} (You
                  | found it in an ice cave)
 16143 | Lair:3   | Found a staircase to the Snake Pit.
 16161 | Lair:3   | Reached XP level 14. HP: 64/162 MP: 23/23
 16289 | Lair:3   | Reached skill level 10 in Dodging
 17277 | Lair:4   | Found a staircase to the Shoals.
 17502 | Lair:5   | Found a viscous altar of Jiyva.
 17502 | Lair:5   | Found a staircase to the Slime Pits.
 17864 | Lair:5   | Reached skill level 1 in Armour
 18150 | Lair:5   | Noticed Josephine
 18166 | Lair:5   | Killed Josephine
 18828 | Lair:6   | Entered Level 6 of the Lair of Beasts
 18930 | Lair:6   | Found a dark tunnel.
 18940 | Volcano  | Entered a volcano
 19297 | Lair:6   | Identified a scroll of acquirement
 19298 | Lair:6   | Acquired a +2 tower shield of protection
 19807 | Lair:6   | Reached XP level 15. HP: 158/174 MP: 25/25
 20007 | Lair:6   | Reached skill level 10 in Shields
 20150 | Lair:6   | Reached skill level 5 in Axes
 21141 | D:12     | Noticed Maurice
 21146 | D:12     | Killed Maurice
 21247 | D:12     | Found a gate leading to a gauntlet.
 21256 | Gauntlet | Entered a Gauntlet
 21256 | Gauntlet | Found a transporter.
 21256 | Gauntlet | Found a transporter.
 21256 | Gauntlet | Found a transporter.
 21260 | Gauntlet | Found a transporter.
 21261 | Gauntlet | Found a transporter.
 21262 | Gauntlet | Found a large runed translucent door.
 21263 | Gauntlet | Found a large runed translucent door.
 21264 | Gauntlet | Found a large runed translucent door.
 21264 | Gauntlet | Found a large runed translucent door.
 21264 | Gauntlet | Found a runed translucent door.
 21264 | Gauntlet | Found a runed translucent door.
 21265 | Gauntlet | Found a large runed translucent door.
 21265 | Gauntlet | Found a large runed translucent door.
 21265 | Gauntlet | Found a large runed translucent door.
 21265 | Gauntlet | Found a large runed translucent door.
 21266 | Gauntlet | Found a large runed translucent door.
 21266 | Gauntlet | Found a large runed translucent door.
 21267 | Gauntlet | Found a large runed translucent door.
 21267 | Gauntlet | Found a large runed translucent door.
 21268 | Gauntlet | Found a runed translucent gate.
 21268 | Gauntlet | Found a runed translucent gate.
 21268 | Gauntlet | Found a runed translucent gate.
 21270 | Gauntlet | Found a transporter.
 21274 | Gauntlet | Found a transporter.
 21286 | Gauntlet | Found a transporter.
 21316 | Gauntlet | Found a large runed translucent door.
 21316 | Gauntlet | Found a large runed translucent door.
 21319 | Gauntlet | Found a large runed translucent door.
 21319 | Gauntlet | Found a large runed translucent door.
 21377 | Gauntlet | Found a transporter.
 21387 | Gauntlet | Found a transporter.
 21391 | Gauntlet | Found a transporter.
 21401 | Gauntlet | Found a transporter.
 21963 | D:12     | Reached ****** piety under Cheibriados
 22280 | D:13     | Found an opulent altar of Gozag.
 22396 | D:13     | Noticed Nessos
 22407 | D:13     | Killed Nessos
 22535 | D:13     | Noticed Snorg
 22544 | D:13     | Killed Snorg
 22565 | D:13     | Noticed Rupert
 22585 | D:13     | Killed Rupert
 22586 | D:13     | Reached skill level 6 in Axes
 22652 | D:13     | Found Zyskiywk's Gadget Boutique.
 22680 | D:13     | Noticed Sonja
 22683 | D:13     | Killed Sonja
 22755 | D:13     | Found Mupt's General Store.
 22761 | D:13     | Bought a scroll of blinking for 90 gold pieces
 22990 | D:13     | Reached skill level 5 in Armour
 23274 | D:13     | Found a gate to the Vaults.
 23312 | D:13     | You fall into a shaft and drop 1 floor!
 23321 | D:14     | Reached XP level 16. HP: 185/185 MP: 27/27
 23327 | D:14     | Reached skill level 15 in Invocations
 23413 | D:14     | Found a flagged portal.
 23426 | Bailey   | Entered a bailey
 23525 | Bailey   | Reached XP level 17. HP: 196/196 MP: 28/28
 23969 | Bailey   | Acquired +2 gold dragon scales
 24158 | D:14     | Noticed rnawigator's ghost (journeyman MfTm)
 24160 | D:14     | Found a transporter.
 24163 | D:14     | Found a transporter.
 24833 | D:14     | Found a runed translucent door.
 25041 | D:14     | Found a runed translucent door.
 25072 | D:14     | Paralysed by a floating eye for 4 turns
 25100 | D:14     | Reached skill level 7 in Axes
 25101 | D:14     | Identified the cursed +1 leather armour "Mih Ogre" {Str+5
                  | Slay+3}
 25604 | D:15     | Entered Level 15 of the Dungeon
 25983 | D:15     | Reached skill level 8 in Axes
 26279 | D:15     | Found a staircase to the Depths.
 26725 | D:14     | Killed rnawigator's ghost
 26923 | Orc:1    | Entered Level 1 of the Orcish Mines
 27022 | Orc:1    | Found Riempupt's Retail Resort.
 27050 | Orc:2    | Entered Level 2 of the Orcish Mines
 27274 | Orc:1    | Reached XP level 18. HP: 205/205 MP: 29/29
 27282 | Orc:1    | Reached skill level 9 in Axes
 27463 | Orc:2    | Found Wadoh's Antique Armour Shoppe.
 27899 | Orc:2    | Found a staircase to the Elven Halls.
 28144 | Orc:2    | Found Ruogrurph's Antique Weapon Emporium.
 28144 | Orc:2    | Found Seveogoa's General Store.
 28145 | Orc:2    | Found Ymiag's Distillery.
 28145 | Orc:2    | Found Sij Usish's Gadget Emporium.
 28153 | Orc:2    | Bought a potion of might for 68 gold pieces
 28153 | Orc:2    | Bought a potion of heal wounds for 85 gold pieces
 28438 | Snake:1  | Entered Level 1 of the Snake Pit
 28449 | Snake:1  | Reached skill level 10 in Axes
 29062 | Snake:1  | Noticed Azrael
 29064 | Snake:1  | Identified the cursed +0 kite shield "Qaagunis" {Harm SInv}
 29064 | Snake:1  | Noticed Donald
 29067 | Snake:1  | Killed Donald
 29072 | Snake:1  | Killed Azrael
 29695 | Snake:1  | Noticed Roxanne
 29710 | Snake:1  | Killed Roxanne
 30297 | Snake:2  | Reached skill level 11 in Axes
 30545 | Snake:2  | Found Ilyq's Jewellery Boutique.
 30557 | Snake:2  | Bought the amulet "Penal" {rElec rN++ Regen+ Int+3 Dex-3}
                  | for 872 gold pieces
 30642 | Snake:2  | Found a runed translucent door.
 30642 | Snake:2  | Noticed p0werm0de's ghost (journeyman MiFi)
 30658 | Snake:2  | Killed p0werm0de's ghost
 30704 | Snake:2  | Found Miqofemp's Jewellery Shoppe.
 30860 | Snake:2  | Reached XP level 19. HP: 192/213 MP: 30/30
 30864 | Snake:2  | Found Ynuclepa's Antique Weapon Shoppe.
 30931 | Snake:2  | Found Xemayfi's Assorted Antiques.
 31017 | Snake:2  | Found Noacitek's Antique Armour Emporium.
 31366 | Snake:3  | Found Uhehoase's Armour Emporium.
 31366 | Snake:3  | Found Boeh's Assorted Antiques.
 31367 | Snake:3  | Found Emufaq's Gadget Emporium.
 31371 | Snake:3  | Found Harag's Assorted Antiques.
 31377 | Snake:3  | Bought a scroll of blinking for 240 gold pieces
 31380 | Snake:3  | Bought the ring of the Mage {Wiz Will++ Int+3} for 1395
                  | gold pieces
 31380 | Snake:3  | Found the ring of the Mage {Wiz Will++ Int+3}
 32017 | Snake:3  | Reached skill level 10 in Armour
 32196 | Snake:3  | Got a bound graven amulet
 32238 | Snake:3  | Identified the amulet "Notocotu" {Acrobat Stlth+} (You
                  | found it on level 3 of the Snake Pit)
 32306 | Snake:4  | Entered Level 4 of the Snake Pit
 32534 | Snake:4  | Noticed Vashnia
 32605 | Snake:4  | Killed Vashnia
 32606 | Snake:4  | Reached skill level 12 in Axes
 32843 | Snake:4  | Noticed Agnes
 32849 | Snake:4  | Killed Agnes
 33003 | Snake:4  | Found Goang's Assorted Antiques.
 33735 | Snake:4  | Got a serpentine rune of Zot
 34069 | Shoals:1 | Entered Level 1 of the Shoals
 34611 | Shoals:1 | Noticed Kirke
 34614 | Shoals:1 | Reached skill level 13 in Axes
 34614 | Shoals:1 | Reached XP level 20. HP: 223/223 MP: 31/31
 34628 | Shoals:1 | Killed Kirke
 34732 | Shoals:1 | Learned a level 4 spell: Passage of Golubria
 34953 | Shoals:2 | Noticed Ilsuiw
 35175 | Shoals:2 | Reached skill level 15 in Shields
 35294 | Shoals:2 | Killed Ilsuiw
 35647 | Shoals:2 | Noticed Polyphemus
 35677 | Shoals:2 | Killed Polyphemus
 36042 | Shoals:2 | Noticed Nikola
 36059 | Shoals:2 | Killed Nikola
 36668 | Shoals:3 | Reached skill level 14 in Axes
 37105 | Shoals:4 | Entered Level 4 of the Shoals
 37579 | Shoals:4 | Got a barnacled rune of Zot
 37798 | Shoals:4 | Found Xodi Bua's Book Boutique.
 37806 | Shoals:4 | Bought a book of Spatial Translocations for 1365 gold
                  | pieces
 37809 | Shoals:4 | Learned a level 2 spell: Blink
 37813 | Shoals:4 | Learned a level 3 spell: Lesser Beckoning
 37833 | Shoals:4 | Found a runed translucent gate.
 37833 | Shoals:4 | Found a runed translucent gate.
 37833 | Shoals:4 | Found a runed translucent gate.
 37834 | Shoals:4 | Found an opulent altar of Gozag.
 37834 | Shoals:4 | Noticed p0werm0de's ghost (adept DDFi)
 37836 | Shoals:4 | Found Radofif's Assorted Antiques.
 37981 | Shoals:4 | Reached XP level 21. HP: 233/236 MP: 32/32
 38061 | Shoals:4 | Reached skill level 1 in Translocations
 38070 | Shoals:4 | Killed p0werm0de's ghost
 38187 | Shoals:4 | Bought a scroll of blinking for 307 gold pieces
 38482 | Elf:1    | Entered Level 1 of the Elven Halls
 38486 | Elf:1    | Noticed Louise
 38513 | Elf:1    | Killed Louise
 38655 | Elf:1    | Identified the Papyrus of Sinister Secrets
 38665 | Elf:1    | Noticed Aizul
 38678 | Elf:1    | Killed Aizul
 39354 | Elf:2    | Found a runed translucent gate.
 39357 | Elf:2    | Found a runed translucent gate.
 39357 | Elf:2    | Found a runed translucent gate.
 39513 | Elf:2    | Reached skill level 5 in Translocations
 39589 | Elf:2    | Found a runed translucent door.
 39589 | Elf:2    | Noticed Mayja's ghost (veteran DDBe)
 39908 | Elf:2    | Reached skill level 15 in Axes
 40692 | Elf:3    | Entered Level 3 of the Elven Halls
 41419 | Elf:3    | Identified the cursed +3 dagger of Pestilence {flame, rPois
                  | Will- Int+2}
 41423 | Elf:3    | Reached XP level 22. HP: 247/247 MP: 33/33
 41530 | Elf:3    | Identified the ring "Hyiniruo" {+Blink +Fly rC++ rN+ Int-2}
 41627 | Elf:3    | Identified the +9 flail of the Walnut {vorpal, rN+}
 41670 | Elf:3    | Found the +6 arbalest "Damnation" {damnation}
 41689 | Elf:3    | Identified the Guide on Unholy Changing
 42527 | Depths:1 | Entered Level 1 of the Depths
 42543 | Depths:1 | Found a one-way gate to the infinite horrors of the Abyss.
 42913 | Depths:1 | Found a gateway to Hell.
 43750 | Depths:2 | Reached skill level 10 in Translocations
 43760 | Depths:2 | Reached skill level 16 in Axes
 43766 | Depths:2 | Found Zoriute's Magic Scroll Emporium.
 43782 | Depths:2 | Found a magical portal.
 43800 | WizLab   | Entered Iskenderun's Mystic Tower
 44429 | WizLab   | Identified Iskenderun's Incunabulum of Conjuration
 44429 | WizLab   | Identified Iskenderun's Tome of Combat Magic
 44765 | Depths:2 | Found a one-way gate leading to the halls of Pandemonium.
 44934 | Depths:2 | Reached XP level 23. HP: 254/254 MP: 34/34
 44972 | Depths:2 | Bought a scroll of brand weapon for 280 gold pieces
 44972 | Depths:2 | Bought a scroll of fear for 49 gold pieces
 44972 | Depths:2 | Bought a scroll of fog for 28 gold pieces
 44972 | Depths:2 | Bought a scroll of teleportation for 42 gold pieces
 44972 | Depths:2 | Bought a scroll of enchant weapon for 105 gold pieces
 45021 | Depths:2 | Paralysed by a floating eye for 3 turns
 45375 | Depths:2 | Acquired 900 gold pieces
 45402 | Depths:2 | Noticed Sojobo
 45423 | Depths:2 | Killed Sojobo
 45589 | Depths:2 | Found the amulet of the Air {Inacc +Fly rElec EV+5 RMsl}
 45595 | Depths:2 | Identified the Collected Works on Enchanting Calling
 45597 | Depths:2 | Identified the Disquisition on Bewitching Creation
 46637 | Depths:3 | Reached skill level 17 in Axes
 47145 | Depths:3 | Noticed a caustic shrike
 47152 | Depths:3 | Killed a caustic shrike
 47292 | Depths:3 | Found a gateway to a ziggurat.
 47865 | Depths:4 | Noticed a golden dragon
 47922 | Depths:4 | Found the +6 lightning scales {run, rElec}
 47922 | Depths:4 | Noticed Mennas
 47940 | Depths:4 | Killed Mennas
 47941 | Depths:4 | Reached XP level 24. HP: 235/265 MP: 34/34
 48007 | Depths:4 | Reached skill level 15 in Armour
 48761 | Depths:4 | Identified the Catalogue of the Escort and the Birds
 49053 | Depths:5 | Entered Level 5 of the Depths
 49105 | Depths:5 | Noticed the Enchantress
 49109 | Depths:5 | Killed the Enchantress
 49162 | Depths:5 | Found a runed translucent door.
 49162 | Depths:5 | Noticed a caustic shrike
 49215 | Depths:5 | Killed a caustic shrike
 49216 | Depths:5 | Reached skill level 15 in Translocations
 49231 | Depths:5 | Identified the cursed ring "Ukeaj Xubro" {rC++ Dex-4
                  | Stlth+} (You found it on level 5 of the Depths)
 49312 | Depths:5 | Reached skill level 18 in Axes
 49391 | Depths:5 | Found a gate to the Realm of Zot.
 49906 | Depths:5 | Noticed Saint Roka
 49951 | Depths:5 | Killed Saint Roka
 50606 | Depths:5 | Reached XP level 25. HP: 218/273 MP: 34/34
 50952 | Vaults:1 | Entered Level 1 of the Vaults
 51280 | Vaults:1 | Found a radiant altar of Vehumet.
 52495 | Vaults:2 | Found a transporter.
 52496 | Vaults:2 | Found a shimmering blue altar of Sif Muna.
 52613 | Vaults:2 | Found a transporter.
 53597 | Vaults:3 | Found a flickering gateway to a bazaar.
 53615 | Bazaar   | Entered a bazaar
 53615 | Bazaar   | Found Kuphoah's Antique Weapon Shop.
 53615 | Bazaar   | Found Mois's Book Emporium.
 53615 | Bazaar   | Found Dykakoux's Jewellery Shop.
 53615 | Bazaar   | Found Opsydoy's Weapon Shoppe.
 53617 | Bazaar   | Found Pyrghaegu's Magic Scroll Boutique.
 53617 | Bazaar   | Found Wostea's Magic Scroll Shoppe.
 53642 | Bazaar   | Bought a scroll of acquirement for 572 gold pieces
 53644 | Bazaar   | Acquired the ring of Verhobbi {rF+ rCorr Int+4}
 53649 | Bazaar   | Bought a scroll of magic mapping for 38 gold pieces
 53649 | Bazaar   | Bought a scroll of teleportation for 33 gold pieces
 53649 | Bazaar   | Bought a scroll of magic mapping for 38 gold pieces
 53654 | Bazaar   | Bought a scroll of enchant weapon for 45 gold pieces
 53654 | Bazaar   | Bought a scroll of teleportation for 18 gold pieces
 53654 | Bazaar   | Bought a scroll of fear for 21 gold pieces
 53872 | Vaults:3 | Reached skill level 19 in Axes
 53902 | Vaults:3 | Noticed Boris
 53915 | Vaults:3 | Killed Boris
 54097 | Vaults:3 | Found Utyssela's Distillery.
 54110 | Vaults:3 | Bought a potion of might for 68 gold pieces
 54110 | Vaults:3 | Bought a potion of heal wounds for 85 gold pieces
 54110 | Vaults:3 | Bought a potion of curing for 51 gold pieces
 54110 | Vaults:3 | Bought a potion of mutation for 136 gold pieces
 54110 | Vaults:3 | Bought a potion of heal wounds for 85 gold pieces
 54190 | Vaults:3 | Reached XP level 26. HP: 269/283 MP: 34/34
 54273 | Vaults:3 | Found a staircase to the Crypt.
 54277 | Crypt:1  | Entered Level 1 of the Crypt
 54544 | Crypt:1  | Noticed a royal mummy
 54544 | Crypt:1  | Noticed a royal mummy
 54545 | Crypt:1  | Noticed Khufu
 54567 | Crypt:1  | Killed Khufu
 54871 | Crypt:1  | Killed a royal mummy
 55129 | Crypt:1  | Killed a royal mummy
 55776 | Crypt:2  | Found a basalt altar of Yredelemnul.
 56410 | Crypt:3  | Entered Level 3 of the Crypt
 56888 | Crypt:3  | Found an ancient bone altar of Kikubaaqudgha.
 56987 | Crypt:3  | Reached skill level 20 in Axes
 57077 | Crypt:3  | Noticed an ancient lich
 57100 | Crypt:3  | Killed an ancient lich
 57311 | Crypt:3  | Reached XP level 27. HP: 280/291 MP: 34/34
 57408 | Crypt:3  | Found a staircase to the Tomb.
 57408 | Crypt:3  | Noticed a royal mummy
 57421 | Crypt:3  | Killed a royal mummy
 57900 | Crypt:3  | Got a brightly glowing tin ring
 57900 | Crypt:3  | Got a pitted iron ring
 57901 | Crypt:3  | Identified the ring "Joonko" {*Corrode +Inv rElec rN+
                  | Int-5} (You found it on level 3 of the Crypt)
 57902 | Crypt:3  | Identified the ring of Lilacs {rC+ rN+ Dex+4} (You found it
                  | on level 3 of the Crypt)
 58320 | Crypt:3  | Identified the cursed +0 broad axe of Dividends {pain,
                  | rElec Str+2} (You found it on level 3 of the Crypt)
 58557 | Vaults:3 | Found a hazy altar of Hepliaklqana.
 59338 | Vaults:4 | Found Zappant's Weapon Shop.
 59401 | Vaults:4 | Learned a level 5 spell: Summon Forest
 59404 | Vaults:4 | Learned a level 2 spell: Sublimation of Blood
 59798 | Vaults:4 | Reached skill level 1 in Necromancy
 60266 | Vaults:5 | Entered Level 5 of the Vaults
 60275 | Vaults:5 | Reached skill level 21 in Axes
 60731 | Vaults:4 | Reached skill level 5 in Necromancy
 61421 | Vaults:5 | Identified the +5 short sword of the Lesser Evil {drain,
                  | *Drain rN++ Str+5}
 62100 | Vaults:5 | Found the ring of Shadows {Umbra +Inv Stlth+}
 62128 | Vaults:5 | Reached skill level 22 in Axes
 62287 | Vaults:5 | Got a silver rune of Zot
 63235 | Zot:1    | Entered Level 1 of the Realm of Zot
 63420 | Zot:1    | Learned a level 1 spell: Apportation
 63428 | Zot:1    | Learned a level 7 spell: Malign Gateway
 63569 | Zot:1    | Reached skill level 1 in Spellcasting
 65037 | Zot:2    | Reached skill level 5 in Spellcasting
 65296 | Zot:2    | You fall into a shaft and drop 1 floor!
 65393 | Zot:3    | Reached skill level 10 in Necromancy
 68131 | Zot:4    | Acquired 810 gold pieces
 68135 | Zot:4    | Acquired a Necronomicon
 68148 | Zot:4    | Learned a level 8 spell: Necromutation
 68157 | Zot:4    | Learned a level 8 spell: Infestation
 68454 | Zot:4    | Acquired a book of the Warp
 68475 | Zot:5    | Entered Level 5 of the Realm of Zot
 68486 | Zot:5    | Noticed an orb of fire
 68490 | Zot:5    | Gained mutation: Armour fits poorly on your strangely
                  | shaped body. [an orb of fire]
 68501 | Zot:5    | Gained mutation: You occasionally shout uncontrollably at
                  | your foes. [an orb of fire]
 68502 | Zot:5    | Killed an orb of fire
 68989 | Snake:2  | Bought the amulet "Nuacil" {rC++ Regen+} for 817 gold
                  | pieces
 70230 | Zot:5    | Noticed an ancient lich
 70242 | Zot:5    | Killed an ancient lich
 70258 | Zot:5    | Noticed an ancient lich
 70266 | Zot:5    | Noticed an orb of fire
 70267 | Zot:5    | Noticed an orb of fire
 70268 | Zot:5    | Noticed an ancient lich
 70268 | Zot:5    | Noticed an orb of fire
 70272 | Zot:5    | Gained mutation: You are partially covered in icy blue
                  | scales. (AC +2) [an orb of fire]
 70276 | Zot:5    | Gained mutation: You sometimes yell uncontrollably at your
                  | foes. [an orb of fire]
 70276 | Zot:5    | Noticed an ancient lich
 70280 | Zot:5    | Gained mutation: Your magical capacity is low. (-10% MP)
                  | [an orb of fire]
 70280 | Zot:5    | Noticed an ancient lich
 70281 | Zot:5    | Lost mutation: Your magical capacity is low. (-10% MP) [an
                  | orb of fire]
 70282 | Zot:5    | Killed an orb of fire
 70282 | Zot:5    | Killed an orb of fire
 70283 | Zot:5    | Noticed an ancient lich
 70283 | Zot:5    | Noticed an ancient lich
 70283 | Zot:5    | Noticed an ancient lich
 70283 | Zot:5    | Noticed an ancient lich
 70304 | Zot:5    | HP: 3/299 [golden dragon/bolt of cold (47)]
 70325 | Zot:5    | HP: 11/299 [Orb Guardian (23)]
 70326 | Zot:5    | Mangled by an Orb Guardian

Illustrated notes

Levels and vault maps discovered:
D:1:      lightli_arrival_farm, layout_loops_corners
D:2:      minmay_roachtagon, layout_basic
D:3:      layout_basic
D:4:      layout_loops_ring, serial_shops, nicolae_shop_crystal, shop,
          kennysheep_mini, minivault_11, chequers_serial_rivers_small_a
D:5:      layout_loops_ring, minmay_temple_entry_drinking_statues, uniq_edmund,
          uniq_prince_ribbit1, uniq_blork_the_orc
D:6:      layout_rooms, enter_ossuary_3, hangedman_decor_diamond_cutter,
          minmay_misc_feat_doors
D:7:      cheibrodos_grave_circle, layout_gridville, uniq_harold
D:8:      layout_loops_cross, nicolae_tso_swordbearing_angel, uniq_psyche
D:9:      layout_irregular_city, makhleb_heckhound_becter, orc_0_dummy,
          basic_altar
D:10:     minmay_weird_star, layout_irregular_city, serial_ice, serial_ice_a,
          serial_ice_g, serial_ice_j, serial_ice_b, serial_ice_m, serial_ice_c
D:11:     layout_gridville, dpeg_lair_monsters, nicolae_dithmenos_shadow_blocks
D:12:     layout_basic, gauntlet_entry_generic, uniq_maurice
D:13:     layout_loops_ring, lightli_vaults_fourway_checkpoint, serial_shops,
          shop, nicolae_shop_trees, grunt_gozag_statues, uniq_rupert,
          uniq_nessos, uniq_sonja, uniq_snorg
D:14:     minmay_expanding_circles, layout_rooms, enter_bailey_4,
          kennysheep_nondescript, gammafunk_ghost_hive, drop_trap
D:15:     grunt_enter_depths_snipers, layout_layer_cave
Temple:   nicolae_temple_the_god_donut
Lair:1:   layout_loops_ring, minmay_lair_oklob_bushes, worms_lemuel,
          uniq_gastronok
Lair:2:   layout_misc_corridors, portal_ice_cave_demonic_guard, special_room
          [special_room_bee], nzn_masters_of_martial_movement
Lair:3:   layout_gridlike, minmay_snake_entry_guardpost_small,
          lemuel_fruit_tree, infiniplex_staircase_pool_2, grunt_megastairs_2
Lair:4:   layout_gridlike, shoals_dummy_entry, grunt_megastairs_5
Lair:5:   nzn_winding_woodlands_small [nzn_winding_woodlands_5x15_sawtooth,
          nzn_winding_woodlands_center_lodge,
          nzn_winding_woodlands_5x15_lazy_stream], layout_cave_pods,
          slime_altar_1, lemuel_fruit_fields, uniq_josephine
Lair:6:   guppyfry_lair_end_dragon, layout_regular_city,
          hangedman_lair_tendril_chambers, nicolae_volcano_entry_two_sided
Shoals:1: layout_shoals, uniq_kirke
Shoals:2: layout_shoals, uniq_ilsuiw, uniq_polyphemus, uniq_nikola
Shoals:3: layout_shoals
Shoals:4: shoals_end_simple, layout_shoals, serial_shops, shop,
          ebering_ghost_gozag
Snake:1:  layout_cave_shapes, uniq_donald, uniq_azrael, uniq_roxanne
Snake:2:  layout_onion, serial_shops, nicolae_shop_overgrown_old_shop, shop,
          shop, nicolae_shop_waterfront, shop, ebering_ghost_inner_flame,
          nicolae_snake_single_loop, st_stairs_10, drop_trap
Snake:3:  layout_cave_shapes, fake_guardian_serpent_vault, minmay_shoptagon
Snake:4:  minmay_snake_end_coiled, layout_cave_pods, serial_shops,
          nicolae_shop_waterfront, st_stairs_12, uniq_agnes, uniq_vashnia
Orc:1:    layout_diamond_mine, nicolae_alphabet_shops, lightli_orcish_oven
Orc:2:    st_orc_ogre_mass, layout_diamond_mine, serial_shops, shop,
          special_room
Elf:1:    eino_elf_arrival_shootout, layout_geoelf_diagonals,
          minmay_elf_necromancy, uniq_aizul, uniq_louise
Elf:2:    layout_rooms, gammafunk_ghost_grave, hangedman_elf_power_crystal
Elf:3:    minmay_elf_hall_curves, layout_geoelf_diagonals
Vaults:1: v_alt_pattern_4, v_rooms_2, hangedman_vaults_trim,
          ontoclasm_vaults_ligature, ontoclasm_vaults_decontamination, v_misc_9,
          grunt_vaults_funnel, nicolae_vaults_an_arrangement,
          nicolae_vaults_circle_grid_b, vaults_room_grunt_arrival_ludios,
          v_misc_19, layout_vaults_maze_snakey, basic_altar
Vaults:2: hangedman_vaults_variations, nicolae_vaults_big_ls,
          gammafunk_sealed_library, vaults_standard_mumra_enter_the_diamond,
          nicolae_vaults_little_ls, hangedman_vaults_stagger,
          layout_vaults_chaotic_city
Vaults:3: vaults_mumra_bighexcomb, grunt_vaults_twisty, v_misc_15,
          ontoclasm_vaults_gateway, vaults_room_mumra_shop_pool,
          vaults_room_large_hall, layout_vaults_omnigrid,
          minmay_crypt_entry_skeletal_spiral, basic_altar, serial_shops,
          bzr_entry_islet, uniq_boris
Vaults:4: ontoclasm_vaults_ring_small, v_misc_12, ontoclasm_vaults_ring_small,
          v_alt_pattern_4, nicolae_vaults_network_square, vaults_room_pool,
          nicolae_vaults_network_barrier, ontoclasm_vaults_fault,
          nicolae_vaults_ninety_degrees, layout_vaults_omnibox, serial_shops,
          shop
Vaults:5: serial_shops
Crypt:1:  layout_gridlike, uniq_khufu
Crypt:2:  layout_gridlike, amcnicky_mini_corridor_feature, hangedman_blasphemy
Crypt:3:  evilmike_haunted_forest
Depths:1: layout_honeycomb, serial_glass, glass_columns_a, glass_columns_c,
          grunt_mini_vestibule, minmay_misc_feat_diagonals, abyss_entry,
          kennysheep_random_hallway
Depths:2: vault_1, layout_cave_pools, rand_demon_pan_entry_9,
          hangedman_coc_ice_floe, infiniplex_enter_wizlab_glasses, serial_shops,
          shop, kennysheep_doodads, laboratory, infiniplex_staircase_pillars_1,
          uniq_sojobo
Depths:3: minmay_tri_box, layout_gridlike, enter_ziggurat_b,
          rand_demon_pan_entry_3, pf_dread_powers_of_hell, minmay_misc_feat_iff
Depths:4: minmay_the_grid_triangle_9x9_rhombus_full_mashed
          [minmay_the_grid_triangle_9x9_steps,
          minmay_the_grid_triangle_9x9_sprig,
          minmay_the_grid_triangle_9x9_zippers_vertical,
          minmay_the_grid_triangle_9x9_thin_v,
          minmay_the_grid_triangle_9x9_empty,
          minmay_the_grid_triangle_9x9_wacky_v,
          minmay_the_grid_triangle_9x9_zippers_horizontal,
          minmay_the_grid_triangle_9x9_prize_schism], layout_long_grid,
          hell_entry, minmay_misc_feat_pillars, abyss_entry,
          minmay_splitting_lines, minmay_staircase_statues, uniq_mennas
Depths:5: grunt_crosshair, layout_honeycomb, hangedman_abyss_entry_splay,
          grunt_hell_entry_dis_old, kennysheep_treasure_room,
          serial_bayou_shore_a, uniq_saint_roka, uniq_enchantress
Zot:1:    layout_cellular_growth, grunt_megastairs_1
Zot:2:    layout_gridlike
Zot:3:    layout_gridlike, st_stairs_9, grunt_megastairs_3
Zot:4:    layout_basic
Zot:5:    layout_twisted_circle

Skill      XL: |  1  2  3  4  5  6  7  8  9 10 11 12 13 14 15 16 17 18 19 20 21 22 23 24 25 26 27 |
---------------+----------------------------------------------------------------------------------+-----
Fighting       | 3 4 5 6 7 9 10 12 14 16 17 18 19 20 21 | 21.7
Dodging        | 2 3 4 6 8 9 11 12 | 12.2
Throwing       | 5 |  5.4
Invocations    | 1 2 4 6 8 9 11 13 14 15 | 15.5
Axes           | 1 2 4 6 8 11 13 14 15 16 17 18 19 20 22 | 22.7
Shields        | 2 4 6 9 10 11 12 13 14 15 | 15.0
Armour         | 3 5 7 9 11 12 13 14 15 16 17 20 | 20.0
Translocations | 8 11 13 15 18 20 | 20.0
Necromancy     | 13 | 13.7
Spellcasting   | 9 |  9.2
Stealth        | |  0.6

Action                   |  1- 3 |  4- 6 |  7- 9 | 10-12 | 13-15 | 16-18 | 19-21 | 22-24 | 25-27 || total
-------------------------+-------+-------+-------+-------+-------+-------+-------+-------+-------++-------
Melee: Short sword       |   166 |    98 |       |       |       |       |       |       |       ||   264
       Quarterstaff      |       |     4 |       |       |       |       |       |       |       ||     4
       War axe           |       |    10 |   192 |   423 |   543 |       |       |       |       ||  1168
       Demon trident     |       |       |       |       |    13 |       |       |       |       ||    13
       Broad axe         |       |       |       |       |   425 |   842 |  1612 |  1299 |  2829 ||  7007
Throw: Javelin           |       |    35 |    15 |       |       |       |       |       |       ||    50
       Large rock        |       |    12 |     5 |    36 |    24 |       |    15 |       |     2 ||    94
       Throwing net      |       |       |       |       |     9 |       |       |       |       ||     9
 Cast: Lesser Beckoning  |       |       |       |       |       |       |    11 |    21 |     6 ||    38
       Blink             |       |       |       |       |       |       |       |       |     7 ||     7
       Summon Forest     |       |       |       |       |       |       |       |       |     1 ||     1
Invok: Temporal Distorti |       |       |     1 |       |       |       |     2 |       |       ||     3
       Slouch            |       |       |       |     3 |    15 |     7 |    11 |    22 |    14 ||    72
       Step From Time    |       |       |       |     1 |       |       |       |       |     4 ||     5
       Bend Time         |       |       |       |       |       |       |       |       |     1 ||     1
Evoke: Wand              |       |       |     2 |     1 |     1 |       |       |       |     2 ||     6
       Lightning rod     |       |       |       |       |     1 |     2 |       |       |       ||     3
       Tin of tremorston |       |       |       |       |       |     2 |       |       |       ||     2
  Use: Scroll            |       |     3 |     7 |    10 |    21 |    13 |     8 |     9 |    31 ||   102
       Potion            |       |       |     7 |     6 |     8 |     3 |     3 |     3 |    24 ||    54
 Stab: Sleeping          |     1 |     2 |     7 |     4 |     9 |       |       |       |       ||    23
       Distracted        |       |       |       |     1 |       |     1 |       |     3 |       ||     5
       Confused          |       |       |       |       |     1 |       |       |       |       ||     1
       Held in net/web   |       |       |       |       |     1 |       |       |       |       ||     1
Armor: Robe              |    66 |    34 |    36 |    52 |       |       |       |       |       ||   188
       Skin              |       |       |     9 |     6 |       |       |       |       |       ||    15
       Troll leather arm |       |       |       |    31 |   208 |       |       |       |       ||   239
       Storm dragon scal |       |       |       |       |   110 |   155 |       |       |       ||   265
       Gold dragon scale |       |       |       |       |       |   262 |   910 |   590 |  1294 ||  3056
Dodge: Dodged            |   123 |    88 |   102 |   257 |   968 |   467 |   551 |   367 |   833 ||  3756
Block: Kite shield       |       |       |    99 |   326 |   600 |       |       |       |       ||  1025
       Tower shield      |       |       |       |       |   760 |  1461 |  2234 |  1437 |  2857 ||  8749
